 Dungeon Crawl Stone Soup version 0.32-a0-401-g0bcb2a7693 (webtiles) character file.

Game seed: 14063774151878169120

9045 Asfel the Cleaver (level 11, -2/84 HPs)
             Began as a Demonspawn Berserker on Feb 20, 2024.
             Was a Believer of Trog.
             Slain by a large abomination (21 damage)
             ... on level 2 of the Abyss.
             The game lasted 00:33:42 (9076 turns).

Asfel the Cleaver (Demonspawn Berserker)            Turns: 9076, Time: 00:33:44

Health: -2/84      AC: 14    Str: 25    XL:     11   Next: 17%
Magic:  11/11      EV: 12    Int:  9    God:    Trog [**....]
Gold:   792        SH:  5    Dex: 14    Spells: 10/10 levels left

rFire   + . .        M - +2 war axe (spect)
rCold   . . .        (no shield)
rNeg    . . .        D - +2 chain mail {rF+}
rPois   .            k - +2 hat
rElec   .            (no cloak)
rCorr   .            (no gloves)
SInv    +            (no boots)
Will    ++...        B - amulet of reflection
Stlth   +            n - ring of see invisible
HPRegen 1.34/turn    I - +6 ring of strength
MPRegen 0.12/turn

%: reflection
@: strong-willed, regenerating, wreathed by umbra
A: horns 2, repulsion field 1, powered by death 2, foul shadow 1
a: Renounce Religion, Berserk, Trog's Hand


You were on level 2 of the Abyss.
You worshipped Trog.
Trog was pleased with you.
You visited 2 branches of the dungeon, and saw 11 of its levels.
You visited the Abyss 1 time.
You also visited: Ossuary.

You collected 792 gold pieces.

Inventory:

Hand Weapons
 a - a +1 hand axe
 C - a +0 heavy hand axe
 F - a +0 halberd
 M - a +2 spectral war axe (weapon)
 P - a +0 dagger of chaos
Armour
 b - a +0 animal skin
 g - a +0 chain mail
 k - a +2 hat (worn)
 t - a +0 chain mail
 x - a +0 leather armour of cold resistance
 D - a +2 chain mail of fire resistance (worn)
 G - a +0 scale mail of willpower
Magical Staves
 c - a staff of death
 N - a staff of alchemy
Jewellery
 f - an amulet of regeneration
 i - an amulet of the acrobat
 n - a ring of see invisible (left hand)
 p - an amulet of magic regeneration
 B - an amulet of reflection (around neck)
 I - a +6 ring of strength (right hand)
Talismans
 z - a talisman of death
Wands
 K - a wand of charming (2)
 O - a wand of flame (5)
Scrolls
 j - 2 scrolls of fear
 m - 8 scrolls of teleportation
 o - 2 scrolls of fog
 q - 3 scrolls of vulnerability
 v - a scroll of immolation
Potions
 d - 3 potions of degeneration
 e - a potion of lignification {unknown}
 h - a potion of haste
 l - a potion of enlightenment {unknown}
 r - a potion of attraction {unknown}
 s - 4 potions of curing
 u - a potion of might {unknown}
 w - 2 potions of invisibility {unknown}
 A - a potion of magic {unknown}
 E - 2 potions of cancellation {unknown}
 H - a potion of ambrosia {unknown}
 L - a potion of resistance {unknown}


   Skills:
 + Level 7.1 Fighting
 + Level 10.6 Axes
 + Level 7.1 Armour
 + Level 4.4 Dodging
 * Level 6.6 Stealth
 + Level 3.5 Shields


You had 10 spell levels left.
You didn't know any spells.
Your spell library contained the following spells:

 Spells                   Type           Power      Damage    Failure   Level
 Freeze                   Ice            0%         1d3       88%         1
 Blink                    Tloc           0%         N/A       95%         2
 Ensorcelled Hibernation  Hex/Ice        0%         N/A       95%         2
 Lesser Beckoning         Tloc           0%         N/A       95%         2
 Momentum Strike          Conj/Tloc      0%         3d8       95%         2
 Scorch                   Fire           0%         2d5       95%         2
 Frozen Ramparts          Ice            0%         1d1       99%         3
 Hailstorm                Conj/Ice       0%         3d5       99%         3
 Passwall                 Erth           0%         N/A       99%         3
 Swiftness                Air            0%         N/A       99%         3
 Flame Wave               Conj/Fire      0%         2d4       100%        4
 Manifold Assault         Tloc           0%         N/A       100%        4
 Dispersal                Tloc           0%         N/A       100%        6
 Summon Cactus Giant      Summ           0%         N/A       100%        6
 Disjunction              Tloc           0%         N/A       100%        8


Dungeon Overview and Level Annotations

Branches:
Dungeon (10/15)            Temple (1/1) D:7         Ossuary (visited)
   Lair: D:8-11         Orc: D:9-12

Altars:
Ashenzari
Cheibriados
Dithmenos
Fedhas
Gozag
Hepliaklqana
Kikubaaqudgha
Makhleb
Nemelex Xobeh
Okawaru
Qazlal
Ru
Sif Muna
Trog
Uskayaw
Vehumet
Wu Jian
Xom
Yredelemnul

Annotations:
D:10 Erolcha


Innate Abilities, Weirdness & Mutations

You have a pair of horns on your head.
You are surrounded by a mild repulsion field. (EV +2)
You regenerate health from kills.
You are faintly shadowed, very rarely releasing foul flame when damaged in melee.


Message History

The quasit barely misses you.
The quasit claws you but does no damage.
The quasit barely misses you.
A bone dragon comes into view.
The quasit barely misses you. x3
You slash the quasit!
You kill the quasit!
Trog accepts your kill.
Your +2 spectral war axe disappears.
You barely miss the large abomination.
Your headbutt misses the large abomination.
The large abomination is moderately damaged.
Your +2 spectral war axe barely misses the large abomination.
You block the large abomination's attack.
You barely miss the large abomination.
The large abomination is moderately damaged.
Your +2 spectral war axe barely misses the large abomination.
The large abomination hits you but does no damage.
You hit the large abomination.
You headbutt the large abomination, but do no damage.
The large abomination is heavily damaged.
Your +2 spectral war axe closely misses the large abomination.
You block the large abomination's attack.
You hit the large abomination but do no damage.
You headbutt the large abomination!
The large abomination is severely damaged.
You barely miss the neqoxec.
Your +2 spectral war axe hits the large abomination!
Your +2 spectral war axe hits the neqoxec but does no damage.
Your +2 spectral war axe hits the neqoxec!
Your +2 spectral war axe completely misses the large abomination.
You block the neqoxec's attack. The large abomination hits you!!
* * * LOW HITPOINT WARNING * * *
Your skin crawls.
You feel strong-willed.
Your +2 spectral war axe disappears.
The neqoxec hits you.
* * * LOW HITPOINT WARNING * * *
The large abomination hits you!!
You die...

. . ~z .. . . #
..~~~ .°.. ...
....~○ .# .
.##. ○ ## . ..
# # .. ..♣.#.
..##.
....##D>## # .
.#......3..#..#
. # # #
###@X.#.# . # #
##.#....# . #
..###.###.## .
. #.....##..###
####...(. .#..#
#..###.# .. #
#... ##.##..#
## .## ## # ..
#


You could see a bone dragon, a large abomination and a neqoxec.

Vanquished Creatures
  2 two-headed ogres (D:10)
  A large abomination (Abyss:2)
  A smoke demon (Abyss:2)
  A kobold demonologist (D:10)
  Psyche (D:10)
  2 trolls (D:9)
  A hornet (D:9)
  6 yaks (D:8)
  A wyvern (D:10)
  Eustachio (D:4)
  3 ice beasts
  2 orc warriors (D:8)
  2 sky beasts (D:6)
  2 ogres
  7 centaurs
  2 weeping skulls (Abyss:2)
  2 phantoms
  2 kobold brigands
  3 gnoll sergeants
  6 bullfrogs
  3 scorpions
  10 wights
  6 killer bees (D:7)
  An electric eel (D:10)
  A bombardier beetle (D:3)
  4 howler monkeys
  A bullfrog zombie (Ossuary)
  A quasit (Abyss:2)
  A human zombie (Ossuary)
  3 orc priests
  3 centaur zombies (Ossuary)
  4 hounds
  A gnoll bouda (D:7)
  An iguana (D:7)
  Terence (D:2)
  7 orc wizards
  2 ogre zombies (Ossuary)
  16 gnolls
  12 adders
  A shadow imp (D:7)
  3 white imps
  3 adder zombies (Ossuary)
  3 ribbon worms
  3 dart slugs
  42 orcs
  8 ball pythons
  6 bats
  11 endoplasms
  5 giant cockroaches
  11 goblins
  11 hobgoblins
  5 quokkas
  5 frilled lizards
  5 goblin zombies (Ossuary)
  3 hobgoblin zombies (Ossuary)
  20 kobolds
  3 orc zombies (Ossuary)
  5 rats
279 creatures vanquished.

Notes
Turn   | Place    | Note
-------+----------+-------------------------------------------
     0 | D:1      | Asfel the Demonspawn Berserker began the quest for the Orb.
     0 | D:1      | Reached XP level 1. HP: 18/18 MP: 1/1
    94 | D:1      | Gained mutation: You regenerate a little health from kills.
                  | [demonic ancestry]
    94 | D:1      | Reached XP level 2. HP: 24/24 MP: 2/2
    98 | D:1      | Reached skill level 3 in Axes
   305 | D:1      | Gained mutation: You have a pair of small horns on your
                  | head. [demonic ancestry]
   305 | D:1      | Reached XP level 3. HP: 23/29 MP: 3/3
   762 | D:2      | Gained mutation: You are surrounded by a mild repulsion
                  | field. (EV +2) [demonic ancestry]
   762 | D:2      | Reached XP level 4. HP: 37/37 MP: 4/4
   772 | D:2      | Reached ** piety under Trog
   841 | D:2      | Noticed Terence
   853 | D:2      | Killed Terence
  1003 | D:2      | Reached skill level 4 in Axes
  1246 | D:2      | Gained mutation: You have a pair of horns on your head.
                  | [demonic ancestry]
  1246 | D:2      | Reached XP level 5. HP: 37/42 MP: 5/5
  1858 | D:3      | Reached XP level 6. HP: 48/48 MP: 6/6
  2292 | D:4      | Reached skill level 5 in Axes
  2360 | D:4      | Reached *** piety under Trog
  2453 | D:4      | Gained mutation: You are faintly shadowed, very rarely
                  | releasing foul flame when damaged in melee. [demonic
                  | ancestry]
  2453 | D:4      | Reached XP level 7. HP: 55/55 MP: 7/7
  2482 | D:4      | HP: 1/55 [ogre/+0 giant club (16)]
  2739 | D:4      | Found a sand-covered staircase.
  2763 | Ossuary  | Entered an ossuary
  2901 | Ossuary  | Reached skill level 6 in Axes
  2949 | Ossuary  | Noticed a silent spectre
  3072 | D:4      | Noticed Eustachio
  3097 | D:4      | Killed Eustachio
  3098 | D:4      | Gained mutation: You regenerate health from kills. [demonic
                  | ancestry]
  3098 | D:4      | Reached XP level 8. HP: 61/61 MP: 8/8
  3316 | D:4      | Reached skill level 7 in Axes
  3386 | D:4      | Found an ornate altar of the Wu Jian Council.
  3547 | D:5      | Entered Level 5 of the Dungeon
  3743 | D:5      | Reached skill level 1 in Stealth
  4004 | D:5      | Reached skill level 5 in Fighting
  4753 | D:6      | Reached skill level 8 in Axes
  4905 | D:6      | Found an ancient bone altar of Kikubaaqudgha.
  4930 | D:6      | Reached skill level 1 in Shields
  4930 | D:6      | Reached XP level 9. HP: 68/68 MP: 9/9
  4947 | D:6      | Reached skill level 5 in Armour
  5542 | D:7      | Found a staircase to the Ecumenical Temple.
  5564 | Temple   | Entered the Ecumenical Temple
  6403 | D:7      | Reached skill level 9 in Axes
  7274 | D:8      | Found a snail-covered altar of Cheibriados.
  7504 | D:8      | Reached XP level 10. HP: 76/76 MP: 10/10
  7512 | D:8      | Reached skill level 5 in Stealth
  8123 | D:9      | Reached skill level 10 in Axes
  8221 | D:9      | Found a stormy altar of Qazlal.
  8223 | D:9      | Found a shimmering blue altar of Sif Muna.
  8228 | D:9      | Paralysed by a hornet for 2 turns
  8233 | D:9      | Paralysed by a hornet for 3 turns
  8241 | D:9      | Found a basalt altar of Yredelemnul.
  8459 | D:10     | Entered Level 10 of the Dungeon
  8578 | D:10     | Found a blossoming altar of Fedhas.
  8588 | D:10     | Noticed a two-headed ogre
  8592 | D:10     | Noticed a two-headed ogre
  8598 | D:10     | Killed a two-headed ogre
  8610 | D:10     | Killed a two-headed ogre
  8716 | D:10     | Noticed Psyche
  8722 | D:10     | Killed Psyche
  8753 | D:10     | Found an opulent altar of Gozag.
  8753 | D:10     | Found a burning altar of Makhleb.
  8796 | D:10     | Reached XP level 11. HP: 84/84 MP: 11/11
  8965 | D:10     | Noticed Erolcha
  8976 | Abyss:2  | Cast into level 2 of the Abyss (Erolcha)
  9017 | Abyss:2  | Noticed a large abomination
  9024 | Abyss:2  | Killed a large abomination
  9070 | Abyss:2  | Noticed a bone dragon
  9076 | Abyss:2  | Slain by a large abomination

Illustrated notes

Levels and vault maps discovered:
D:1:      elethiomel_arrival_infinity_welcomes_careful_drivers, layout_rooms,
          minivault_4
D:2:      layout_basic, minmay_gold_behind_fungi, kennysheep_generic_room_5,
          uniq_terence
D:3:      layout_loops_ring, hangedman_decor_clover_reticule
D:4:      kennysheep_spiral_hall, layout_cave_pools,
          nicolae_wu_jian_immortal_techniques, nicolae_ossuary_entry_monument,
          serial_park, serial_park_tiny_2, serial_park_tiny_2,
          serial_park_square3 [serial_park_minivault_5x5_6], serial_park_square3
          [serial_park_minivault_5x5_3], kennysheep_generic_room_11,
          uniq_eustachio
D:5:      layout_basic, serial_aquarium, aquarium_bridge_straight
          [aquarium_subvault_bridge, aquarium_subvault_wall,
          aquarium_subvault_bridge, aquarium_subvault_wall],
          aquarium_bridge_straight [aquarium_subvault_bridge,
          aquarium_subvault_wall, aquarium_subvault_bridge,
          aquarium_subvault_wall], aquarium_window_1, aquarium_window_1,
          aquarium_view_2e, aquarium_pool_double
D:6:      layout_basic, mainiacjoe_overflow_surrounded_room, nicolae_tricolors
D:7:      layout_cave_pods, lemuel_crystal_altar,
          minmay_temple_entry_antechambers, uniq_crazy_yiuf_cottage
D:8:      layout_cave_pods, cheibriados_altar_1, mainiacjoe_overflow_alcove_1
D:9:      layout_rooms, grunt_temple_overflow_open
D:10:     layout_basic, jmf_multi_god_temple, fedhas_ov_isle_minmay,
          lair_entry_dummy, orc_0_dummy, serial_bayou, serial_bayou_shore_b,
          serial_bayou_pond_a, serial_bayou_pond_b, serial_bayou_shore_b,
          serial_bayou_ford_a, serial_bayou_pond_d, uniq_erolcha, uniq_snorg,
          uniq_psyche
Temple:   grunt_temple_mini_profane
Abyss:2:  base: D:5, serial_sigils_hangedman_quiver

Skill      XL: |  1  2  3  4  5  6  7  8  9 10 11 |
---------------+----------------------------------+-----
Axes           | 3 4 5 6 8 9 10 | 10.6
Dodging        | 2 3 4 |  4.4
Fighting       | 4 5 6 7 |  7.1
Armour         | 2 3 4 5 6 7 |  7.1
Stealth        | 2 4 6 |  6.6
Shields        | 1 2 3 |  3.5

Action                     |  1- 3 |  4- 6 |  7- 9 | 10-12 || total
---------------------------+-------+-------+-------+-------++-------
  Melee: Hand axe          |    80 |   236 |   461 |       ||   777
         Headbutt          |    12 |    52 |    82 |    20 ||   166
         War axe           |       |       |    39 |   111 ||   150
 Invoke: Berserk           |     1 |     2 |    11 |     7 ||    21
         Trog's Hand       |       |     2 |    18 |    17 ||    37
    Use: Scroll            |       |       |    16 |     5 ||    21
         Potion            |       |       |     3 |     1 ||     4
   Stab: Distracted        |       |       |       |     4 ||     4
 Armour: Animal skin       |    50 |     7 |       |       ||    57
         Chain mail        |       |   131 |   362 |   142 ||   635
  Dodge: Dodged            |    76 |   168 |   382 |   134 ||   760
  Block: Other             |       |       |    89 |    39 ||   128
         Reflection        |       |       |     5 |     2 ||     7

Table legend: (Time is in decaauts)
 A = Elapsed time spent in this place.
 B = Non-inter-level travel time spent in this place.
 C = Inter-level travel time spent in this place.
 D = Time resting spent in this place.
 E = Time spent auto-exploring this place.
 F = Levels seen in this place.
 G = Mean time per level.
                   A        B        C        D        E       F      G
               +--------+--------+--------+--------+--------+-----+--------+
         Total |   9269 |   8736 |    533 |      0 |   5395 |  13 |  713.0 |
       Dungeon |   8741 |   8293 |    448 |      0 |   5395 |  10 |  874.1 |
        Temple |    145 |     60 |     85 |      0 |      0 |   1 |  145.0 |
         Abyss |    121 |    121 |      0 |      0 |      0 |   1 |  121.0 |
       Ossuary |    261 |    261 |      0 |      0 |      0 |   1 |  261.0 |
               +--------+--------+--------+--------+--------+-----+--------+

Top non-repeatable levels by time:
     D:7: 1395 daAuts
     D:6: 1099 daAuts
     D:4: 1038 daAuts
     D:8: 1019 daAuts
     D:5: 864 daAuts
     D:2: 857 daAuts
     D:3: 782 daAuts
     D:1: 671 daAuts
    D:10: 542 daAuts
     D:9: 469 daAuts
 Ossuary: 261 daAuts
  Temple: 145 daAuts
 Abyss:2: 121 daAuts
